 Dungeon Crawl Stone Soup version 0.29-a0-719-g0fec994a2d (webtiles) character file.

Game seed: 17668698351401968114

55 BearFiend the Ruffian (level 3, -17/30 HPs)
             Began as a Draconian Transmuter on June 27, 2022.
             Demolished by a goblin
             ... wielding a +1 dagger of electrocution
             ... led by Robin
              (19 damage)
             ... on level 2 of the Dungeon.
             The game lasted 00:06:30 (2105 turns).

BearFiend the Ruffian (Draconian Transmuter)        Turns: 2105, Time: 00:06:31

Health: -17/30     AC:  5    Str: 12    XL:     3   Next: 67%
Magic:  15/15      EV: 12    Int: 15    God:
Gold:   96         SH:  0    Dex: 11    Spells: 3/6 levels left

rFire   . . .      SeeInvis .     - Unarmed
rCold   . . .      Faith    .   (no shield)
rNeg    . . .      Spirit   .   (body armour unavailable)
rPois   .          Reflect  .   (helmet currently unavailable)
rElec   .          Harm     .   (no cloak)
rCorr   .          Rampage  .   (no gloves)
Will    +....                   (boots currently unavailable)
Stlth   +.........              (no amulet)
HPRegen 0.10/turn               b - ring of willpower
MPRegen 0.14/turn               g - ring of magical power

@: appendages (expiring)
A: horns 2, talons 2, AC +5, unfitting armour, cold-blooded
a: End Transformation


You were on level 2 of the Dungeon.
You had temporarily grown beastly horns and talons.
You visited 1 branch of the dungeon, and saw 2 of its levels.

You collected 96 gold pieces.

Inventory:

Missiles
 j - 7 poisoned darts
Jewellery
 b - a ring of willpower (left hand)
 g - a ring of magical power (right hand)
 i - a ring of willpower
Scrolls
 c - a scroll of poison
 d - 2 scrolls of teleportation
 h - a scroll of amnesia {unknown}
Potions
 a - 2 potions of lignification
 e - 2 potions of might {unknown}
 f - a potion of attraction {unknown}


   Skills:
 * Level 2.6 Fighting
 - Level 1.7 Dodging
 - Level 3.0 Unarmed Combat
 - Level 2.0 Spellcasting
 * Level 3.0 Transmutations
 + Level 1.3 Ice Magic


You had 3 spell levels left.
You knew the following spells:

 Your Spells              Type           Power      Damage    Failure   Level
a - Beastly Appendage     Tmut           20%        N/A       6%          1
b - Wereblood             Tmut           10%        N/A       10%         2

Your spell library contained the following spells:

 Spells                   Type           Power      Damage    Failure   Level
 Spider Form              Tmut/Pois      6%         N/A       34%         3
 Ice Form                 Ice/Tmut       7%         N/A       67%         4


Dungeon Overview and Level Annotations

Branches:
Dungeon (2/15) Zot: 9898

Altars:

Annotations:
D:2 Robin


Innate Abilities, Weirdness & Mutations

You have temporarily grown beastly horns and talons.
Your plain brown scales are hard. (AC +5)
You cannot fit into any form of body armour.
You are cold-blooded and may be slowed by cold attacks.


Message History

Robin is severely wounded.
The hobgoblin no longer looks unusually strong.
Robin roars a battlecry!
The goblins go into a battle-frenzy!
A goblin comes into view. It is wielding a +0 dagger.
The hobgoblin hits you.
You barely miss Robin. Your kick misses Robin.
Robin is severely wounded.
Robin closely misses you. The hobgoblin hits you.
You hit Robin. Your kick misses Robin. Your headbutt misses Robin.
Robin is severely wounded.
Robin barely misses you.
The hobgoblin hits you but does no damage.
You barely miss Robin. Your headbutt misses Robin.
Robin is severely wounded.
The goblin no longer looks unusually strong.
Robin hits you with a +0 spear.
The hobgoblin hits you but does no damage.
The hobgoblin hits you.
* * * LOW HITPOINT WARNING * * *
You closely miss Robin. Your headbutt misses Robin.
You punch Robin, but do no damage.
Robin is severely wounded.
Robin hits you but does no damage. The hobgoblin hits you.
* * * LOW HITPOINT WARNING * * *
The hobgoblin hits you.
* * * LOW HITPOINT WARNING * * *
Robin throws the goblin at you! The goblin hits you but does no damage.
You barely miss the goblin. Your kick misses the goblin.
The hobgoblin closely misses you.
The goblin hits you with a +1 dagger of electrocution.
* * * LOW HITPOINT WARNING * * *
You hit the goblin.
The goblin is heavily wounded.
The hobgoblin misses you.
The goblin hits you with a +1 dagger of electrocution.
* * * LOW HITPOINT WARNING * * *
You are electrocuted!!
Ouch! That really hurt!
You die...

....# .# ....# ...#
....# #..# ....# ..#
## ... #.# .. ###
#####>########.g ..
#............#.. ..
######gg.............
..
#..g@ggg...†.........
..
#.####gg..........?..
.. #.#
#............### ..
#.# #............# ..
###.# #............#
#...# #............#
#...# #............#
#...# #............#
###########...#
#............#


You could see Robin, 2 hobgoblins and 5 goblins.

Vanquished Creatures
  2 worms (D:2)
  7 endoplasms
  4 giant cockroaches
  3 goblins (D:1)
  5 hobgoblins
  4 jackals (D:2)
  2 kobolds (D:1)
  A quokka (D:1)
  4 ball pythons (D:1)
  3 bats
  4 frilled lizards (D:1)
  5 rats
44 creatures vanquished.

Notes
Turn   | Place    | Note
-------+----------+-------------------------------------------
     0 | D:1      | BearFiend the Draconian Transmuter began the quest for the
                  | Orb.
     0 | D:1      | Reached XP level 1. HP: 16/16 MP: 3/3
   317 | D:1      | Reached XP level 2. HP: 24/24 MP: 3/5
   341 | D:1      | Learned a level 2 spell: Wereblood
   977 | D:1      | Reached skill level 1 in Ice Magic
   982 | D:1      | Reached XP level 3. HP: 26/29 MP: 6/6
  1080 | D:1      | Found a faded altar of an unknown god.
  2080 | D:2      | Noticed Robin
  2105 | D:2      | Demolished by a goblin

Illustrated notes

Levels and vault maps discovered:
D:1:      heliophobic_arrival_henge, layout_basic,
          dreamdust_ecumenical_altar_hidden_monk_grotto, minmay_split_cup_small
D:2:      layout_basic, minmay_misc_feat_tower, uniq_robin

Skill      XL: |  1  2  3 |
---------------+----------+-----
Fighting       | 2 |  2.6
Ice Magic      | 1 |  1.3
Transmutations | 3 |  3.0
Dodging        | |  1.7
Unarmed Combat | |  3.0
Spellcasting   | |  2.0

Action                   || total
-------------------------++-------
Melee: Unarmed           ||   148
       Kick              ||    26
       Headbutt          ||    13
       Tailslap          ||    12
       Punch             ||     1
 Cast: Beastly Appendage ||    18
  Use: Scroll            ||     6
 Stab: Sleeping          ||     1
Armor: Skin              ||    64
Dodge: Dodged            ||   118

Table legend: (Time is in decaauts)
 A = Elapsed time spent in this place.
 B = Non-inter-level travel time spent in this place.
 C = Inter-level travel time spent in this place.
 D = Time resting spent in this place.
 E = Time spent auto-exploring this place.
 F = Levels seen in this place.
 G = Mean time per level.
                   A        B        C        D        E       F      G
               +--------+--------+--------+--------+--------+-----+--------+
         Total |   2100 |   2020 |     80 |    182 |   1414 |   2 | 1050.0 |
       Dungeon |   2100 |   2020 |     80 |    182 |   1414 |   2 | 1050.0 |
               +--------+--------+--------+--------+--------+-----+--------+

Top non-repeatable levels by time:
     D:1: 1428 daAuts
     D:2: 672 daAuts
